AoeStats
← ({Y3aH})wassupmyhappy

QS Arena

503358404Analyzed
2v2 RM · 1mo ago on Aug 31, 2026· 42m 58s· 4 players
Game mode
Random Map
Map size
Medium (4 player)
Population
200
Speed
Normal
Resources
Standard
Victory
Conquest
Starting age
Dark Age
Ending age
Imperial Age
RankedLock teamsTeams togetherTeam positionsShared explorationLock speedFull tech treeHidden civsTurbo modeCheats
Victory
Defeat
🇦🇺 Malians · Australia
1183
+16
🇬🇧 Teutons · United Kingdom
1133
+18
🇹🇷 Wu · Türkiye
1179
-17
🇹🇷 Italians · Türkiye
1175
-17
BİSMARCK
8:31 Feudal Age
12:40 Castle Age
10:58 Double-Bit Axe
13:07 Loom
15:50 Fletching
18:49 Red Cliffs Tactics
19:08 Gold Mining
19:57 Padded Archer Armor
22:54 Bow Saw
22:54 Bodkin Arrow
25:27 Wheelbarrow
28:07 Squires
27:27 Pikeman
35:32 Imperial Age
33:04 Murder Holes
34:08 Scale Mail Armor
34:18 Forging
37:46 Ballistics
39:55 Halberdier
42:11 Conscription
burako
8:00 Feudal Age
9:19 Double-Bit Axe
12:53 Castle Age
11:15 Horse Collar
14:38 Bow Saw
16:18 Loom
20:00 Crossbowman
28:39 Wheelbarrow
30:02 Hand Cart
30:59 Town Watch
31:06 Fletching
31:16 Padded Archer Armor
31:57 Heavy Plow
33:22 Forging
33:18 Scale Barding Armor
33:11 Bodkin Arrow
33:31 Leather Archer Armor
35:36 Ballistics
35:48 Gold Mining
45:10 Imperial Age
({Y3aH})wassupmyhappy
9:02 Feudal Age
12:54 Castle Age
11:22 Gold Mining
11:22 Double-Bit Axe
11:47 Horse Collar
20:14 Heavy Plow
20:40 Loom
21:32 Scale Barding Armor
25:52 Imperial Age
26:32 Stone Mining
28:03 Wheelbarrow
28:00 Bloodlines
28:09 Forging
29:11 Crop Rotation
30:13 Chain Barding Armor
29:59 Cavalier
34:32 Plate Barding Armor
35:43 Iron Casting
35:53 Stone Shaft Mining
35:34 Hand Cart
35:36 Bow Saw
37:31 Blast Furnace
37:23 Conscription
39:04 Siege Engineers
citrusspecialist
6:27 Loom
8:58 Feudal Age
12:59 Castle Age
11:45 Double-Bit Axe
13:52 Horse Collar
15:40 Town Watch
28:08 Imperial Age
27:20 Padded Archer Armor
27:10 Fletching
28:12 Bow Saw
28:32 Elite Skirmisher
29:10 Bodkin Arrow
29:32 Leather Archer Armor
30:04 Wheelbarrow
30:01 Heavy Plow
33:21 Gold Mining
34:51 Ring Archer Armor
35:59 Chemistry
36:07 Gold Shaft Mining
36:42 Stone Mining
37:15 Ballistics
37:59 Crop Rotation
39:06 Stone Shaft Mining
42:12 Scale Mail Armor
42:23 Forging
Connection lost

Rejoining the realm…

Still unreachable

The connection could not be restored.

Session expired

The server has moved on; the page needs a fresh start.